 Dungeon Crawl Stone Soup version 0.24.0-2-g5b39cebb1c (webtiles) character file.

Game seed: 5176778551209150403, levelgen mode: deterministic

46838 Fv001 the Envoy of Void (level 14, -5/111 HPs)
             Began as a Formicid Abyssal Knight on Oct 31, 2019.
             Was a High Priest of Lugonu.
             Slain by a wolf spider simulacrum (7 damage)
             ... in a Gauntlet.
             The game lasted 01:11:38 (24905 turns).

Fv001 the Envoy of Void (Formicid Abyssal Knight)  Turns: 24905, Time: 01:11:39

Health: -5/111     AC: 24    Str: 28    XL:     14   Next: 78%
Magic:  21/25      EV: 14    Int: 11    God:    Lugonu [*****.]
Gold:   1508       SH: 17    Dex: 13    Spells: 13/13 levels left

rFire    + . .     SeeInvis +   b - +4 scimitar (flame)
rCold    . . .     Gourm    .   N - +0 large shield
rNeg     . . .     Faith    .   S - quicksilver dragon scales
rPois    .         Spirit   .   (helmet unavailable)
rElec    .         Reflect  .   U - +2 cloak of Weojots {rF+ Str+4}
rCorr    .         Harm     .   C - +2 pair of gloves {Str+3}
MR       ++...                  y - +2 pair of boots
Stlth    +.........             (no amulet)
HPRegen  0.28/turn              i - +3 ring of dexterity
MPRegen  0.19/turn              w - +1 ring of protection

@: no status effects
A: permanent stasis, dig shafts and tunnels, four strong arms, antennae 3, dopey
1
a: Dig, Shaft Self, Depart the Abyss, Bend Space, Banish, Corrupt, Enter the
Abyss, Renounce Religion


You were in a Gauntlet.
You worshipped Lugonu.
Lugonu was extremely pleased with you.
You were not hungry.

You visited 2 branches of the dungeon, and saw 17 of its levels.
You visited the Abyss 1 time.
You also visited: Sewer, Ossuary and Gauntlet.

You collected 1823 gold pieces.
You spent 315 gold pieces at shops.

Inventory:

Hand Weapons
 a - a +3 great sword
 b - a +4 scimitar of flaming (weapon)
Armour
 y - a +2 pair of boots (worn)
 C - a +2 pair of gloves of strength (worn)
 G - the +1 chain mail "Cuzumo" {rPois}
   (You found it on level 9 of the Dungeon)

   It protects you from poison.
 N - a +0 large shield (worn)
 S - quicksilver dragon scales (worn)
 U - the +2 cloak of Weojots (worn) {rF+ Str+4}
   (You found it in a Gauntlet)

   It affects your strength (+4).
   It protects you from fire.
 V - a +1 plate armour of cold resistance
Jewellery
 f - an uncursed ring of protection from cold
 i - a +3 ring of dexterity (left hand)
 n - the ring "Oforyic" {rF+ rN+ Dex+4, unknown}
   (You found it in a Gauntlet)

   [ring of dexterity]

   It affects your dexterity (+4).
   It protects you from fire.
   It protects you from negative energy.
 o - an uncursed ring of resist corrosion
 q - an uncursed ring of protection from cold
 w - a +1 ring of protection (right hand)
 z - an uncursed amulet of harm {unknown}
 P - the ring "Koitiago" {rPois rF+ Str+4 Int+4, unknown}
   (You found it in a Gauntlet)

   [ring of protection from fire]

   It affects your strength (+4).
   It affects your intelligence (+4).
   It protects you from fire.
   It protects you from poison.
 R - the ring "Jitarau" {Fire rPois Str+2 Int-3}
   (You found it on level 12 of the Dungeon)

   [ring of fire]

   It enhances your fire magic.
   It affects your strength (+2).
   It affects your intelligence (-3).
   It protects you from fire.
   It makes you vulnerable to cold.
   It protects you from poison.
Wands
 d - a wand of acid (8)
 g - a wand of disintegration (14)
 H - a wand of paralysis (28)
 K - a wand of digging (9)
 O - a wand of iceblast (4)
 T - a wand of enslavement (5)
Scrolls
 e - 8 scrolls of remove curse
 j - a scroll of random uselessness {unknown}
 k - a scroll of enchant weapon {unknown}
 l - 4 scrolls of immolation
 r - 3 scrolls of fog
 s - a scroll of holy word {unknown}
 A - a scroll of vulnerability {unknown}
 D - 2 scrolls of amnesia
 E - a scroll of magic mapping
 I - a scroll of blinking {unknown}
 L - a scroll of torment {unknown}
 Q - 2 scrolls of fear
Potions
 h - 2 potions of magic
 p - 3 potions of curing
 t - a potion of degeneration
 u - 2 potions of mutation
 v - 2 potions of ambrosia
 B - a potion of invisibility
 F - a potion of brilliance {unknown}
 J - 5 potions of flight
 M - a potion of agility
Comestibles
 c - 21 rations


   Skills:
 + Level 10.8 Fighting
 + Level 9.7 Long Blades
 + Level 10.7 Armour
 + Level 8.7 Dodging
 + Level 7.8 Shields
 * Level 15.3 Invocations
 + Level 7.1 Evocations


You had 13 spell levels left.
You didn't know any spells.
Your spell library contained the following spells:

 Spells                   Type           Power        Failure   Level  Hunger
 Confusing Touch          Hex            #.....       92%         1    ##.....
 Sandblast                Erth           #.....       92%         1    ##.....
 Summon Butterflies       Summ           #.......     92%         1    ##.....
 Passwall                 Tmut/Erth      #.......     98%         2    ###....
 Call Canine Familiar     Summ           #.......     100%        3    ####...
 Confuse                  Hex            #.......     100%        3    ####...
 Gell's Gravitas          Tloc           #.........   100%        3    ####...
 Stone Arrow              Conj/Erth      #.....       100%        3    ####...
 Petrify                  Tmut/Erth      #.......     100%        4    #####..
 Summon Ice Beast         Ice/Summ       #.......     100%        4    #####..
 Lee's Rapid Deconstruct  Erth           #.........   100%        5    ######.
 Metabolic Englaciation   Hex/Ice        #.........   100%        5    ######.
 Summon Mana Viper        Hex/Summ       #.......     100%        5    ######.
 Yara's Violent Unravell  Hex/Tmut       #.........   100%        5    ######.
 Summon Hydra             Summ           #.........   100%        7    #######


Dungeon Overview and Level Annotations

Branches:
Dungeon (15/15)            Temple (0/1) D:7            Lair (0/6) D:9
    Orc (2/2) D:11            Elf (0/3) Orc:2        Vaults (0/5) D:14
 Depths (0/5) D:15          Sewer (visited)         Ossuary (visited)
Gauntlet (1/1)

Altars:
Zin
Beogh

Shops:
Orc:1 *   Orc:2 ?%(:

Annotations:
Orc:2 corrupted
Abyss:1 Pikel Gauntlet 11 transporters, 22 runed translucent doors, corrupted


Innate Abilities, Weirdness & Mutations

You cannot be hasted, slowed, berserked, paralysed or teleported.
You can dig through walls and to a lower floor.
Your four strong arms can wield two-handed weapons with a shield.
You have a pair of large antennae on your head. (SInv)
You are dopey. (Int -2)


Message History

Lugonu claims a new guest.
You feel somewhat more hungry. The wolf spider simulacrum hits you.
The wolf spider simulacrum freezes you!!
* * * LOW HITPOINT WARNING * * *
The wolf spider simulacrum bites you but does no damage.
You slash the wolf spider simulacrum!
You melt the wolf spider simulacrum!
The wolf spider simulacrum is severely damaged.
You block the wolf spider simulacrum's attack. x2
You barely miss the wolf spider simulacrum.
The wolf spider simulacrum is severely damaged.
The wolf spider simulacrum hits you!
* * * LOW HITPOINT WARNING * * *
The wolf spider simulacrum freezes you!
* * * LOW HITPOINT WARNING * * *
The wolf spider simulacrum barely misses you.
Okay, then.
You hit the wolf spider simulacrum.
You melt the wolf spider simulacrum.
The wolf spider simulacrum is almost destroyed.
The wolf spider simulacrum hits you!
You die...

.#.©.#.....###########...≈#
.#...#........#.©.#......##
.#.©.#....8...#.8.#...8.##
#########.....#.©.#.....≈#
.#.©.[..#...#########...##
...#....#...####©####...≈#
.##++#..#...###)[.###...##
+##..#++#...#.!+##..#...≈#
.+...+..#.8.#..#@#..#.8.##
.+...+..#...#..##Z..#...≈#
+#+#+#++#...###.§Z###...##
.+...+..#...###...###...≈#
.+.©.+..#...#########...##
######## .......©.......≈#
...©.... .8.....8.....8.##
∩..8..∩. ...............≈#
....§... .#≈#≈#§#≈#≈#≈#≈##


You could see a wolf spider simulacrum and a centaur warrior simulacrum.

Vanquished Creatures
  Rupert (D:15)
  Snorg (Orc:1)
  7 two-headed ogres
  Erica (D:8)
  2 centaur warriors (D:14)
  2 dancing weapons (D:14)
  An orc high priest (Orc:2)
  A skeletal warrior (D:11)
  4 unseen horrors
  An oklob plant (D:8)
  A wolf spider zombie (D:13)
  3 orc knights (Orc:2)
  9 ugly things
  5 orc sorcerers (Orc:2)
  4 cyclopes
  2 manticores
  An ice statue (D:12)
  A centaur zombie (D:10)
  The ghost of MirrMurr the Poker, a novice DsBe of Trog (D:6)
  A gargoyle (D:14)
  4 kobold demonologists
  2 polar bears (D:12)
  7 trolls
  A wolf spider simulacrum (Gauntlet)
  A hornet (D:14)
  3 hippogriffs
  4 slime creatures (D:12)
  A shadow (D:14)
  A centaur simulacrum (Gauntlet)
  3 wyverns
  9 yaks
  A human (D:9)
  2 hungry ghosts
  A basilisk (D:15)
  2 wargs
  An acid dragon (D:12)
  A black bear (D:9)
  29 orc warriors
  A phantom (D:5)
  4 slaves (D:8)
  7 sky beasts
  An eye of draining (D:14)
  9 ice beasts
  6 ogres
  10 centaurs
  A crocodile (D:11)
  6 big kobolds
  15 bullfrogs
  A wyvern zombie (D:8)
  2 scorpions
  12 killer bees
  3 wights (D:13)
  3 crimson imps
  8 hounds
  4 centaur skeletons
  8 jellies
  2 quasits
  16 orc priests
  21 orc wizards
  5 bullfrog skeletons
  A gnoll shaman (Orc:2)
  4 iguanas
  16 worker ants
  2 big kobold zombies (Ossuary)
  2 hound skeletons
  8 mummies (Ossuary)
  A worker ant zombie (D:7)
  Robin (D:4)
  12 adders
  A river rat (D:5)
  2 shadow imps
  3 white imps (D:12)
  15 oozes
  An adder zombie (D:8)
  5 worms
  A dart slug (D:2)
  4 leopard geckos
  133 orcs
  4 ball pythons
  16 bats
  7 giant cockroaches
  2 gnoll zombies (Ossuary)
  20 goblins
  10 hobgoblins
  12 jackals
  6 quokkas
  6 frilled lizards
  24 kobolds
  3 kobold zombies (Ossuary)
  A leopard gecko skeleton (D:6)
  An orc zombie (Ossuary)
  A quokka skeleton (D:2)
  7 rats
599 creatures vanquished.

Vanquished Creatures (others)
  An orc warlord (Orc:2)
  An entropy weaver (Gauntlet)
  An ice dragon (D:12)
  3 orc high priests (Orc:2)
  3 large abominations (Gauntlet)
  A glowing orange brain (Gauntlet)
  An orc knight (Orc:2)
  An ugly thing (Gauntlet)
  A manticore (D:11)
  A jumping spider (Gauntlet)
  A tyrant leech (Gauntlet)
  2 slime creatures (D:12)
  2 yaks (D:6)
  A hungry ghost (D:7)
  4 swamp worms (Gauntlet)
  8 orc warriors
  An ice beast (D:12)
  An ogre (D:4)
  An ice dragon simulacrum (Gauntlet)
  A crocodile (Sewer)
  10 orc priests (Orc:2)
  2 orc wizards (Orc:2)
  6 small abominations (Gauntlet)
  15 orcs (Orc:2)
  6 fungi (D:8)
  3 plants (Gauntlet)
  2 starspawn tentacles (Orc:2)
80 creatures vanquished.

Grand Total: 679 creatures vanquished

Notes
Turn   | Place    | Note
-------+----------+-------------------------------------------
     0 | Abyss:1  | Fv001 the Formicid Abyssal Knight began the quest for the
                  | Orb.
     0 | Abyss:1  | Reached XP level 1. HP: 18/18 MP: 2/2
    47 | Abyss:1  | Noticed a raiju
    48 | D:1      | Escaped the Abyss
   100 | D:1      | Reached XP level 2. HP: 24/24 MP: 3/3
   187 | D:1      | Reached skill level 1 in Dodging
   237 | D:1      | Reached * piety under Lugonu
   363 | D:1      | Reached XP level 3. HP: 30/30 MP: 4/4
   926 | D:2      | Reached XP level 4. HP: 27/37 MP: 6/6
   935 | D:2      | Reached skill level 3 in Invocations
  1117 | D:2      | Reached ** piety under Lugonu
  1143 | D:2      | Reached XP level 5. HP: 14/42 MP: 7/7
  1883 | D:3      | Reached skill level 4 in Invocations
  1965 | D:3      | Reached XP level 6. HP: 44/48 MP: 9/9
  2657 | D:4      | Noticed Robin
  2712 | D:4      | Reached *** piety under Lugonu
  2723 | D:4      | Killed Robin
  2935 | D:4      | Noticed an ogre
  2938 | D:4      | Banished an ogre
  2938 | D:4      | Reached XP level 7. HP: 55/55 MP: 10/10
  2972 | D:4      | Reached skill level 5 in Invocations
  3552 | D:5      | Entered Level 5 of the Dungeon
  3677 | D:5      | Found a glowing drain.
  3685 | Sewer    | Entered a sewer
  4204 | D:5      | Reached skill level 5 in Fighting
  4338 | D:5      | Reached skill level 6 in Invocations
  4338 | D:5      | Reached XP level 8. HP: 38/62 MP: 12/12
  5546 | D:6      | Reached skill level 5 in Armour
  5546 | D:6      | Reached skill level 7 in Invocations
  5712 | D:6      | Found a runed translucent door.
  5713 | D:6      | Noticed MirrMurr's ghost (novice DsBe)
  5997 | D:6      | Reached **** piety under Lugonu
  5997 | D:6      | Reached XP level 9. HP: 60/69 MP: 14/14
  6282 | D:7      | Found a sand-covered staircase.
  6287 | Ossuary  | Entered an ossuary
  6712 | Ossuary  | Reached skill level 8 in Invocations
  7057 | D:6      | Killed MirrMurr's ghost
  7057 | D:6      | Reached skill level 5 in Long Blades
  7420 | D:6      | Reached skill level 9 in Invocations
  7668 | D:7      | Found a staircase to the Ecumenical Temple.
  7802 | D:7      | Reached XP level 10. HP: 54/77 MP: 16/16
  8887 | D:8      | Reached skill level 5 in Dodging
  9235 | D:8      | Noticed Pikel
  9329 | D:8      | Banished Pikel
  9329 | D:8      | Reached skill level 10 in Invocations
  9882 | D:8      | Noticed Erica
  9914 | D:8      | Killed Erica
 10261 | D:8      | Found a glowing silver altar of Zin.
 10351 | D:9      | Found a staircase to the Lair.
 10389 | D:9      | Got a spiked chain mail
 10400 | D:9      | Identified the +1 chain mail "Cuzumo" {rPois} (You found it
                  | on level 9 of the Dungeon)
 10971 | D:9      | Reached XP level 11. HP: 81/86 MP: 19/19
 11287 | D:8      | Noticed an oklob plant
 11313 | D:8      | Reached skill level 11 in Invocations
 11344 | D:8      | Killed an oklob plant
 11443 | D:10     | Entered Level 10 of the Dungeon
 11772 | D:10     | Reached ***** piety under Lugonu
 12151 | D:11     | Noticed a cyclops
 12170 | D:11     | Killed a cyclops
 12170 | D:11     | Reached skill level 1 in Shields
 12466 | D:11     | Reached skill level 1 in Evocations
 12500 | D:11     | Found a staircase to the Orcish Mines.
 12657 | D:11     | Noticed a manticore
 12661 | D:11     | Noticed a skeletal warrior
 12689 | D:11     | Banished a manticore
 12963 | D:11     | Killed a skeletal warrior
 12963 | D:11     | Reached skill level 12 in Invocations
 13274 | D:11     | Noticed a two-headed ogre
 13286 | D:11     | Killed a two-headed ogre
 13776 | D:12     | Reached XP level 12. HP: 56/94 MP: 21/21
 14562 | D:12     | Noticed an unseen horror
 14565 | D:12     | Noticed an ice dragon
 14575 | D:12     | Killed an unseen horror
 14581 | D:12     | Banished an ice dragon
 15420 | D:12     | Got a smoking copper ring
 15498 | D:12     | Noticed a two-headed ogre
 15521 | D:12     | Reached skill level 13 in Invocations
 15542 | D:12     | Killed a two-headed ogre
 15967 | D:13     | Identified the ring "Jitarau" {Fire rPois Str+2 Int-3} (You
                  | found it on level 12 of the Dungeon)
 15972 | D:13     | Noticed an unseen horror
 15978 | D:13     | Killed an unseen horror
 16345 | D:13     | Reached XP level 13. HP: 101/101 MP: 23/23
 16452 | D:13     | Reached skill level 5 in Shields
 17103 | D:14     | Noticed a centaur warrior
 17110 | D:14     | Killed a centaur warrior
 17130 | D:14     | Reached skill level 5 in Evocations
 17812 | Orc:1    | Entered Level 1 of the Orcish Mines
 17831 | Orc:1    | Reached skill level 14 in Invocations
 17952 | Orc:2    | Entered Level 2 of the Orcish Mines
 18175 | Orc:1    | Noticed Snorg
 18184 | Orc:1    | Killed Snorg
 18184 | Orc:1    | Reached skill level 10 in Fighting
 18314 | Orc:2    | Reached skill level 10 in Armour
 18845 | Orc:1    | Found Fimu's General Store.
 18852 | Orc:1    | Bought a potion of magic for 120 gold pieces
 18852 | Orc:1    | Bought a scroll of identify for 30 gold pieces
 19796 | Orc:2    | Noticed an orc warlord
 19798 | Orc:2    | Banished an orc warlord
 19798 | Orc:2    | Reached XP level 14. HP: 102/110 MP: 19/24
 19893 | Orc:2    | Found a staircase to the Elven Halls.
 20521 | Orc:2    | Gained mutation: You are dopey. (Int -2) [a neqoxec]
 20760 | Orc:2    | Found Zetiac's Book Boutique.
 20786 | Orc:2    | Noticed an orc warlord
 20788 | Orc:2    | Corrupted Orc:2
 20788 | Orc:2    | Noticed a tentacled starspawn
 20788 | Orc:2    | Noticed a starcursed mass
 20794 | Orc:2    | Found a roughly hewn altar of Beogh.
 20798 | Orc:2    | Noticed a lich
 20799 | Orc:2    | Killed an orc warlord
 21218 | Orc:2    | Found Miecot's Weapon Shop.
 21341 | Orc:2    | Found a roughly hewn altar of Beogh.
 21740 | Orc:2    | Found Simuag's Magic Scroll Emporium.
 22020 | Orc:2    | Bought a scroll of identify for 30 gold pieces
 22020 | Orc:2    | Bought a scroll of identify for 30 gold pieces
 22020 | Orc:2    | Bought a scroll of noise for 15 gold pieces
 22020 | Orc:2    | Bought a scroll of identify for 30 gold pieces
 22020 | Orc:2    | Bought a scroll of identify for 30 gold pieces
 22020 | Orc:2    | Bought a scroll of identify for 30 gold pieces
 22114 | Orc:2    | Found Ejoleacu's Food Shoppe.
 22971 | D:14     | Reached skill level 15 in Invocations
 23206 | D:14     | Found a gate to the Vaults.
 24257 | D:15     | Entered Level 15 of the Dungeon
 24261 | D:15     | Noticed Rupert
 24284 | D:15     | Killed Rupert
 24540 | D:15     | Found a gate leading to a gauntlet.
 24545 | Gauntlet | Entered a Gauntlet
 24545 | Gauntlet | Found a transporter.
 24545 | Gauntlet | Found a large runed translucent door.
 24545 | Gauntlet | Found a large runed translucent door.
 24545 | Gauntlet | Found a large runed translucent door.
 24545 | Gauntlet | Found a large runed translucent door.
 24545 | Gauntlet | Found a large runed translucent door.
 24545 | Gauntlet | Found a large runed translucent door.
 24545 | Gauntlet | Found a runed translucent door.
 24545 | Gauntlet | Found a runed translucent door.
 24545 | Gauntlet | Found a large runed translucent door.
 24545 | Gauntlet | Found a large runed translucent door.
 24545 | Gauntlet | Found a large runed translucent door.
 24545 | Gauntlet | Found a large runed translucent door.
 24545 | Gauntlet | Found a large runed translucent door.
 24545 | Gauntlet | Found a large runed translucent door.
 24546 | Gauntlet | Found a large runed translucent door.
 24546 | Gauntlet | Found a large runed translucent door.
 24546 | Gauntlet | Found a large runed translucent door.
 24548 | Gauntlet | Found a transporter.
 24548 | Gauntlet | Found a runed translucent gate.
 24548 | Gauntlet | Found a runed translucent gate.
 24548 | Gauntlet | Found a runed translucent gate.
 24549 | Gauntlet | Noticed an entropy weaver
 24552 | Gauntlet | Found a transporter.
 24553 | Gauntlet | Found a transporter.
 24561 | Gauntlet | Found a transporter.
 24561 | Gauntlet | Found a transporter.
 24562 | Gauntlet | Found a transporter.
 24563 | Gauntlet | Found a transporter.
 24595 | Gauntlet | Corrupted Gauntlet
 24595 | Gauntlet | Noticed a green draconian
 24595 | Gauntlet | Noticed a bone dragon
 24596 | Gauntlet | Noticed a cacodemon
 24599 | Gauntlet | Killed an entropy weaver
 24611 | Gauntlet | Got a steaming lapis lazuli ring
 24628 | Gauntlet | Noticed a tentacled starspawn
 24632 | Gauntlet | Noticed a tentacled starspawn
 24634 | Gauntlet | Noticed a balrug
 24639 | Gauntlet | Found a large runed translucent door.
 24771 | Gauntlet | Got a heavily runed cloak
 24782 | Gauntlet | Identified the +2 cloak of Weojots {rF+ Str+4} (You found
                  | it in a Gauntlet)
 24787 | Gauntlet | Got a flickering lead ring
 24817 | Gauntlet | Found a transporter.
 24834 | Gauntlet | Found a transporter.
 24838 | Gauntlet | Found a transporter.
 24840 | Gauntlet | Found a runed translucent door.
 24842 | Gauntlet | Found a runed translucent door.
 24846 | Gauntlet | Found a transporter.
 24904 | Gauntlet | HP: 1/111 [wolf spider simulacrum (16)]
 24905 | Gauntlet | Slain by a wolf spider simulacrum

Levels and vault maps discovered:
D:1:      dpeg_arrival_pond, layout_basic
D:2:      layout_loops_ring
D:3:      layout_basic
D:4:      layout_basic, uniq_robin
D:5:      layout_basic, portal_sewer_entry_e, first_ration
D:6:      layout_loops_ring, ebering_ghost_inner_flame
D:7:      layout_loops_ring, minmay_temple_entry_slanted, enter_ossuary_5
D:8:      lemuel_slime, layout_loops_ring, nicolae_overflow_hidden_temple,
          uniq_erica, uniq_pikel
D:9:      layout_gridville, lair_entry_dummy, grunt_pizzeria
D:10:     layout_loops_cross
D:11:     layout_loops_ring, david_orc_3, minivault_20
D:12:     layout_rooms, ice2_lemuel
D:13:     layout_stronghold
D:14:     layout_loops_corners, erik_vaults_1, amethyst_killhole
D:15:     hangedman_depths_entry_try_elsewhere_first, layout_loops_corners,
          gauntlet_entry_generic, basic_altar, chequers_jeans, uniq_rupert
Orc:1:    layout_caves, serial_shops, shop, uniq_snorg
Orc:2:    pubby_orc_utopia
Gauntlet: minmay_gauntlet_mixed_oops_all_seconds
          [minmay_gauntlet_arena_77_chump_sandwich,
          minmay_gauntlet_arena_make_your_own_arena,
          minmay_gauntlet_arena_77_cramped, nicolae_gauntlet_arena_t_cross,
          minmay_gauntlet_arena_77_radiant_squares,
          gammafunk_gauntlet_arena_arrow_garden, gauntlet_exit_hidden_loot]

Skill      XL: |  1  2  3  4  5  6  7  8  9 10 11 12 13 14 |
---------------+-------------------------------------------+-----
Dodging        | 1 2 3 4 5 6 7 8 |  8.7
Invocations    | 3 4 6 7 9 10 12 13 14 15 | 15.3
Fighting       | 4 5 6 7 8 9 10 | 10.8
Armour         | 3 4 5 6 7 8 9 10 | 10.7
Long Blades    | 3 4 5 6 7 8 9 |  9.7
Shields        | 2 4 6 7 |  7.8
Evocations     | 2 4 6 7 |  7.1

Action                   |  1- 3 |  4- 6 |  7- 9 | 10-12 | 13-15 || total
-------------------------+-------+-------+-------+-------+-------++-------
Melee: Falchion          |   120 |   261 |   752 |   379 |       ||  1512
       Scimitar          |       |       |       |   648 |    10 ||   658
       Great sword       |       |       |       |     5 |   825 ||   830
Invok: Depart the Abyss  |     1 |       |       |       |       ||     1
       Bend Space        |       |     1 |     1 |     2 |     1 ||     5
       Banish            |       |       |     7 |    16 |     4 ||    27
       Corrupt           |       |       |       |       |     2 ||     2
 Abil: Dig               |       |     3 |     3 |     4 |       ||    10
Evoke: Wand              |       |       |       |    30 |     8 ||    38
  Use: Scroll            |     4 |     3 |     7 |     6 |    11 ||    31
       Potion            |       |     2 |     1 |     4 |     9 ||    16
  Eat: Chunk             |       |     8 |    13 |    31 |    27 ||    79
       Ration            |       |       |     2 |     2 |     2 ||     6
Armor: Leather armour    |     5 |       |       |       |       ||     5
       Plate armour      |    74 |   161 |   490 |   211 |       ||   936
       Chain mail        |       |       |       |   285 |       ||   285
       Quicksilver drago |       |       |       |    33 |   333 ||   366
       Skin              |       |       |       |       |     1 ||     1
Dodge: Dodged            |    50 |    70 |   290 |   369 |   335 ||  1114
Block: Large shield      |       |       |       |   319 |   799 ||  1118
       Rpst.: Falchion   |    18 |    24 |    89 |    49 |       ||   180
       Scimitar          |       |       |       |    59 |       ||    59
       Great sword       |       |       |       |       |    86 ||    86
